 Dungeon Crawl Stone Soup version 0.28-a0-1199-gef9e1dbd39 (webtiles) character file.

Game seed: 179809859853815208

25 bande the Covered (level 3, -4/23 HPs)
             Began as a Gargoyle Fighter on Dec 20, 2021.
             Slain by a gnoll (7 damage)
             ... on level 1 of the Dungeon.
             The game lasted 00:01:56 (1849 turns).

bande the Covered (Gargoyle Fighter)                Turns: 1849, Time: 00:01:56

Health: -4/23      AC: 10    Str: 19    XL:     3   Next: 4%
Magic:  3/3        EV:  9    Int:  8    God:
Gold:   74         SH:  4    Dex: 11    Spells: 2/2 levels left

rFire   . . .      SeeInvis .   a - +0 war axe
rCold   . . .      Faith    .   c - +0 buckler
rNeg    + . .      Spirit   .   b - +0 scale mail
rPois   ∞          Reflect  .   (no helmet)
rElec   +          Harm     .   (no cloak)
rCorr   .          Rampage  .   (no gloves)
Will    .....                   (no boots)
Stlth   ..........              (no amulet)
HPRegen 0.07/turn               (no ring)
MPRegen 0.08/turn               (no ring)

@: no status effects
A: sickness immunity, AC +3, negative energy resistance 1, electricity
resistance, torment resistance 1, petrification resistance
a: no special abilities


You were on level 1 of the Dungeon.
You visited 1 branch of the dungeon, and saw 2 of its levels.

You collected 74 gold pieces.

Inventory:

Hand Weapons
 a - a +0 war axe (weapon)
Armour
 b - a +0 scale mail (worn)
 c - a +0 buckler (worn)
Scrolls
 f - a scroll of brand weapon {unknown}
 g - a scroll of vulnerability {unknown}
 h - a scroll of magic mapping {unknown}
 j - a scroll of teleportation {unknown}
Potions
 d - a potion of might
 e - 2 potions of curing {unknown}
 i - a potion of mutation {unknown}


   Skills:
 + Level 3.6 Fighting
 + Level 2.1 Axes
 + Level 3.6 Armour
 + Level 3.6 Shields


You had 2 spell levels left.
You didn't know any spells.
Your spell library was empty.

Dungeon Overview and Level Annotations

Branches:
Dungeon (2/15)

Altars:


Innate Abilities, Weirdness & Mutations

You are immune to sickness and miasma.
Your stone body is resilient. (AC +3)
You are immune to poison.
You resist negative energy. (rN+)
You are resistant to electric shocks. (rElec)
You are resistant to unholy torment.
You are immune to petrification.


Message History

You block the rat's attack.
You slash the rat!
You kill the rat!
No target in view!
You start resting.
HP restored.
You start waiting.
Done waiting.
You start waiting.
Done waiting.
Found a stone staircase leading down.
Things that are here:
a +0 dagger; a quokka corpse; a goblin corpse
Found 9 stones.
Found a stone staircase leading up.
There is a stone staircase leading up here.
Found a falchion.
You now have 74 gold pieces (gained 12).
A gnoll comes into view.
It is wielding a +0 flail of protection.
The gnoll shouts!
You hear a shout!
A gnoll comes into view. It is wielding a +0 halberd.
A rat comes into view.
There is a stone staircase leading up here.
The gnoll hits you with a +0 flail of protection!
You climb upwards.
There is a stone staircase leading down here.
You closely miss the gnoll.
The gnoll hits you with a +0 flail of protection.
You barely miss the gnoll.
The gnoll hits you with a +0 flail of protection.
The gnoll barely misses you.
You are too injured to fight recklessly!
You are too injured to fight recklessly!
You are too injured to fight recklessly!
You are too injured to fight recklessly!
You closely miss the gnoll. The gnoll closely misses you.
You barely miss the gnoll.
The gnoll hits you with a +0 flail of protection.
* * * LOW HITPOINT WARNING * * *
The gnoll hits you with a +0 flail of protection!
You die...

## .# .# .# #######
.#############.....##
.>..........##......#
.............(.....##
.....##......#.....#
.###.........#..@..#
.....####..###..[g.#
...### #..# #.....#
.#..## #..# #######
.##..####.###
............#
..####.##..##
.##<.####..###
###''###.....# #####


You could see a gnoll.

Vanquished Creatures
  2 endoplasms (D:1)
  2 giant cockroaches
  5 goblins
  3 quokkas
  4 ball pythons
  2 frilled lizards (D:1)
  3 kobolds (D:1)
  2 rats
23 creatures vanquished.

Notes
Turn   | Place    | Note
-------+----------+-------------------------------------------
     0 | D:1      | bande the Gargoyle Fighter began the quest for the Orb.
     0 | D:1      | Reached XP level 1. HP: 14/14 MP: 1/1
   145 | D:1      | Reached XP level 2. HP: 4/19 MP: 2/2
  1583 | D:2      | Reached XP level 3. HP: 22/23 MP: 3/3
  1849 | D:1      | Slain by a gnoll

Illustrated notes

Levels and vault maps discovered:
D:1:      lightli_arrival_lavapool, layout_rooms
D:2:      layout_basic, dreamdust_ecumenical_altar_drowned_temple,
          minmay_crystal_room, hangedman_glass_teeth, minivault_26,
          hangedman_abyss_or_decor_stabs

Skill      XL: |  1  2 |
---------------+-------+-----
Axes           | 2 |  2.1
Fighting       | |  3.6
Armour         | |  3.6
Shields        | |  3.6

Action                   || total
-------------------------++-------
Melee: War axe           ||    70
Armor: Scale mail        ||    34
Dodge: Dodged            ||    33
Block: Buckler           ||    20

Table legend: (Time is in decaauts)
 A = Elapsed time spent in this place.
 B = Non-inter-level travel time spent in this place.
 C = Inter-level travel time spent in this place.
 D = Time resting spent in this place.
 E = Time spent auto-exploring this place.
 F = Levels seen in this place.
 G = Mean time per level.
                   A        B        C        D        E       F      G
               +--------+--------+--------+--------+--------+-----+--------+
         Total |   1878 |   1878 |      0 |   1017 |    641 |   2 |  939.0 |
       Dungeon |   1878 |   1878 |      0 |   1017 |    641 |   2 |  939.0 |
               +--------+--------+--------+--------+--------+-----+--------+

Top non-repeatable levels by time:
     D:1: 1424 daAuts
     D:2: 454 daAuts
